[Event "Titled Tuesday Blitz December 20 Late 2022"]
[White "Bas Mas, Jose Joaquin"]
[Black "Omelja, Artem"]
[WhiteFideId "22219064"]
[BlackFideId "14119846"]
[WhiteElo "2233"]
[BlackElo "2404"]
[Result "1/2-1/2"]
[Round "02"]
[TimeControl "180+1"]
[Date "2022.12.21"]
[WhiteClock "0:00:28"]
[BlackClock "0:00:20"]

1. e4 c5 2. Nf3 d6 3. d4 cxd4 4. Nxd4 Nf6 5. Nc3 a6 6. h3 e5 7. Nde2 Be7 8. g4 O-O 9. Bg2 Nc6 10. Be3 Be6 11. O-O b5 12. a4 b4 13. Nd5 Bxd5 14. exd5 Na5 15. b3 Nb7 16. Ng3 Re8 17. Nf5 Bf8 18. Bg5 Nc5 19. Kh1 Ncd7 20. Qd2 Qc7 21. Qxb4 Qxc2 22. Rac1 Qb2 23. Rb1 Qa2 24. Ra1 Qc2 25. Rac1 Qa2 26. Ra1 Qe2 27. Rae1 Qd3 28. Rd1 Rab8 29. Qxb8 Qxf1+ 30. Bxf1 Rxb8 31. Bxa6 Rxb3 32. Bb5 h6 33. Bxf6 Nxf6 34. Kg2 g6 35. Ne3 h5 36. Ra1 hxg4 37. hxg4 Bh6 38. Bc6 Bxe3 39. fxe3 Rb2+ 40. Kf3 Rb6 41. a5 Ra6 42. Bb7 Ra7 43. a6 Nd7 44. Rc1 Nc5 45. Rxc5 dxc5 46. d6 Kf8 47. Ke4 Ke8 48. Kd5 Kd7 49. Kxc5 f5 50. gxf5 gxf5 51. Kb6 Rxa6+ 52. Kxa6 Kxd6 53. Kb5 e4 54. Kc4 Ke5 1/2-1/2


[Site "https://www.chess.com"]

[Event "Titled Tuesday Blitz December 20 Late 2022"]
[White "Begmuratov, Khumoyun"]
[Black "Moksh Amit Doshi"]
[WhiteFideId "14210207"]
[BlackFideId "25064967"]
[WhiteElo "2267"]
[BlackElo "2297"]
[Result "1-0"]
[Round "02"]
[TimeControl "180+1"]
[Date "2022.12.21"]
[WhiteClock "0:02:03"]
[BlackClock "0:01:41"]

1. e4 c5 2. Nc3 d6 3. Bb5+ Bd7 4. Bxd7+ Qxd7 5. d3 g6 6. Be3 Bg7 7. Qd2 Nc6 8. Nge2 e6 9. O-O Nge7 10. Bh6 O-O 11. Bxg7 Kxg7 12. f4 f5 13. Rae1 Rae8 14. Ng3 Nd4 15. Nce2 Nec6 16. c3 Nxe2+ 17. Qxe2 e5 18. exf5 exf4 19. Qg4 Kg8 20. Rxe8 Rxe8 21. Qxf4 Ne5 22. d4 cxd4 23. cxd4 Nc4 24. fxg6 hxg6 25. Qg5 Qg7 26. Qd5+ 1-0


[Site "https://www.chess.com"]

[Event "Titled Tuesday Blitz December 20 Late 2022"]
[White "Belenkaya, Dina"]
[Black "Bjelobrk, Igor"]
[WhiteFideId "24142654"]
[BlackFideId "4300726"]
[WhiteElo "2209"]
[BlackElo "2335"]
[Result "0-1"]
[Round "02"]
[TimeControl "180+1"]
[Date "2022.12.21"]
[WhiteClock "0:00:12"]
[BlackClock "0:00:11"]

1. Nf3 d5 2. g3 Nc6 3. Bg2 e5 4. d3 Nf6 5. Nbd2 Be7 6. O-O O-O 7. e4 dxe4 8. dxe4 Bc5 9. c3 a5 10. Qe2 Qe7 11. Nc4 Rd8 12. Bg5 h6 13. Bxf6 Qxf6 14. Ne3 Be6 15. Nd2 Bxe3 16. Qxe3 Rd6 17. Qe2 Rad8 18. Rfd1 R8d7 19. Nb3 Qd8 20. Rxd6 Rxd6 21. Qb5 b6 22. Bf1 Qd7 23. Re1 f6 24. f4 Kh8 25. Bc4 Bxc4 26. Qxc4 exf4 27. g4 Qxg4+ 28. Kf2 Qh4+ 29. Kf1 Qxh2 30. Qe2 Qh3+ 31. Kf2 Qg3+ 32. Kf1 f3 33. Qf2 Qf4 34. Nd4 Ne5 35. Re3 c5 36. Nxf3 Ng4 37. Qe2 Nxe3+ 38. Qxe3 Qxe3 0-1


[Site "https://www.chess.com"]

[Event "Titled Tuesday Blitz December 20 Late 2022"]
[White "Bellissimo, Joseph F."]
[Black "Kohler, Aran"]
[WhiteFideId "2609843"]
[BlackFideId "1002856"]
[WhiteElo "2103"]
[BlackElo "2340"]
[Result "1-0"]
[Round "02"]
[TimeControl "180+1"]
[Date "2022.12.21"]
[WhiteClock "0:02:07"]
[BlackClock "0:00:40"]

1. e4 c6 2. d4 d5 3. e5 c5 4. dxc5 e6 5. a3 Bxc5 6. b4 Bb6 7. Nf3 Ne7 8. Bd3 Ng6 9. h4 Nc6 10. Bb2 O-O 11. g3 Qc7 12. Qe2 f6 13. exf6 gxf6 14. Bxg6 hxg6 15. h5 g5 16. h6 e5 17. b5 Ne7 18. Nxg5 fxg5 19. h7+ Kf7 20. h8=Q Rxh8 21. Rxh8 Ba5+ 22. Nd2 Bxd2+ 23. Kxd2 d4 24. Rh7+ Ke6 25. Bxd4 Qa5+ 26. Bc3 Qd8+ 27. Kc1 Ng6 28. Qc4+ Qd5 29. Qg4+ Kd6 30. Bb4+ 1-0


[Site "https://www.chess.com"]

[Event "Titled Tuesday Blitz December 20 Late 2022"]
[White "Bilan, Danila"]
[Black "Zhigalko, Sergei"]
[WhiteFideId "24161918"]
[BlackFideId "13502956"]
[WhiteElo "2182"]
[BlackElo "2662"]
[Result "0-1"]
[Round "02"]
[TimeControl "180+1"]
[Date "2022.12.20"]
[WhiteClock "0:00:03"]
[BlackClock "0:01:28"]

1. d4 Nf6 2. Nf3 e6 3. g3 b5 4. Bg2 Bb7 5. O-O c5 6. a4 b4 7. c4 cxd4 8. Nxd4 Bxg2 9. Kxg2 Qb6 10. b3 Be7 11. Bb2 O-O 12. Nd2 Na6 13. Qc2 Rac8 14. Rac1 d5 15. Qd3 Nc5 16. Qf3 Rfd8 17. Rfd1 h6 18. cxd5 Nxd5 19. Nc4 Qa6 20. Nb5 Qb7 21. e4 Nxe4 22. Nxa7 Ng5 23. Nxc8 Nf4+ 24. Kf1 Nxf3 25. Nxe7+ Qxe7 26. Rxd8+ Qxd8 27. gxf4 Qd3+ 28. Kg2 Nh4+ 29. Kg1 Qxb3 30. Ra1 Qh3 31. Ne3 Nf3+ 32. Kh1 Qxh2# 0-1


[Site "https://www.chess.com"]

[Event "Titled Tuesday Blitz December 20 Late 2022"]
[White "Bluebaum, Matthias"]
[Black "Sokolovsky, Yahli"]
[WhiteFideId "24651516"]
[BlackFideId "2820242"]
[WhiteElo "2634"]
[BlackElo "2316"]
[Result "1/2-1/2"]
[Round "02"]
[TimeControl "180+1"]
[Date "2022.12.20"]
[WhiteClock "0:00:05"]
[BlackClock "0:00:06"]

1. d4 d6 2. Nf3 Nf6 3. c4 g6 4. Nc3 Bg7 5. e4 O-O 6. Be2 Bg4 7. Be3 Nc6 8. d5 Bxf3 9. gxf3 Ne5 10. f4 Ned7 11. h4 e5 12. dxe6 fxe6 13. h5 gxh5 14. Bxh5 e5 15. fxe5 Nxe5 16. f4 Nxc4 17. Qb3 b5 18. Nxb5 d5 19. e5 Nxh5 20. Rxh5 Rb8 21. Qd3 Nxe3 22. Qxe3 Rxb5 23. Qd3 Qe8 24. Qxh7+ Kf7 25. Rg5 Rg8 26. Qf5+ Ke7 27. Rxg7+ Rxg7 28. Qf6+ Kd7 29. Qxg7+ Kc8 30. Rc1 Qd8 31. b3 Rb4 32. Rxc7+ Qxc7 33. Qf8+ Kd7 34. Qxb4 Qc1+ 35. Ke2 Qc2+ 36. Qd2 Qe4+ 37. Kf2 Ke6 38. Qe3 Qc2+ 39. Kg3 Qxa2 40. f5+ Kxf5 41. e6 Qa6 42. e7 Qg6+ 43. Kf3 Qe8 44. Qxa7 Ke6 45. Qe3+ Kd6 46. b4 Qxe7 47. Qc5+ Ke6 48. Qc6+ Qd6 49. Qe8+ Kf6 50. Qh8+ Ke6 51. Qg8+ Kd7 52. Qf7+ Kc6 53. Qe8+ Kb6 54. b5 Qf6+ 55. Ke3 Qc3+ 56. Kf2 Qd2+ 57. Kf3 Qd3+ 58. Kf4 Qf1+ 59. Kg3 Qg1+ 60. Kf3 Qf1+ 61. Kg3 Qd3+ 62. Kf4 Qf1+ 63. Kg3 1/2-1/2


[Site "https://www.chess.com"]

[Event "Titled Tuesday Blitz December 20 Late 2022"]
[White "Bolanos, Fernando"]
[Black "Pein, Jonathan"]
[WhiteFideId "3304094"]
[BlackFideId "417092"]
[WhiteElo "2166"]
[BlackElo "2225"]
[Result "0-1"]
[Round "02"]
[TimeControl "180+1"]
[Date "2022.12.21"]
[WhiteClock "0:01:57"]
[BlackClock "0:02:00"]

1. e4 e5 2. Nf3 d6 3. c4 c5 4. Nc3 g6 5. Bd3 Bg7 6. Bc2 Ne7 7. O-O Nbc6 8. Nd5 O-O 9. d3 h6 10. Ba4 Bg4 11. h3 Bxf3 12. Qxf3 Nd4 13. Qg4 Nec6 14. Be3 a6 15. Rab1 Rb8 16. Bxc6 bxc6 17. Nc3 Qe8 18. Kh1 f5 19. Qd1 f4 20. Bxd4 cxd4 21. Na4 f3 22. g3 c5 23. b3 h5 24. Qd2 Kh7 25. Qa5 Qc8 26. Nb6 Qxh3+ 0-1


[Site "https://www.chess.com"]

[Event "Titled Tuesday Blitz December 20 Late 2022"]
[White "Buchenau, Frank"]
[Black "Biernacki, Mark"]
[WhiteFideId "4604350"]
[BlackFideId "2082322"]
[WhiteElo "2157"]
[BlackElo "1970"]
[Result "1-0"]
[Round "02"]
[TimeControl "180+1"]
[Date "2022.12.21"]
[WhiteClock "0:00:12"]
[BlackClock "0:00:02"]

1. e4 c5 2. Nf3 e6 3. d4 cxd4 4. Nxd4 Nf6 5. Nc3 Nc6 6. Nxc6 bxc6 7. e5 Nd5 8. Ne4 Qc7 9. f4 Qb6 10. c4 Ne3 11. Qd3 Nf5 12. g4 Nd4 13. Bg2 h5 14. h3 hxg4 15. hxg4 Rxh1+ 16. Bxh1 Be7 17. Kf1 Ba6 18. Be3 c5 19. Nd6+ Bxd6 20. Bxa8 Be7 21. b3 d5 22. exd6 Qxd6 23. Rd1 Bf6 24. g5 Bd8 25. b4 Bb6 26. b5 Bc8 27. Qh7 e5 28. Qg8+ Kd7 29. Qxf7+ Kd8 30. Qg8+ Kc7 31. Qxg7+ Kb8 32. fxe5 Bh3+ 33. Kg1 Qd8 34. e6 Nf3+ 35. Kf2 Qxd1 36. Qf8+ Bd8 37. Qxf3 Qxf3+ 38. Bxf3 Bxe6 39. Bd5 1-0


[Site "https://www.chess.com"]

[Event "Titled Tuesday Blitz December 20 Late 2022"]
[White "Burke, Paul"]
[Black "Mayaud, Raphael"]
[WhiteFideId "2605767"]
[BlackFideId "627151"]
[WhiteElo "1783"]
[BlackElo "2191"]
[Result "0-1"]
[Round "02"]
[TimeControl "180+1"]
[Date "2022.12.21"]
[WhiteClock "0:00:50"]
[BlackClock "0:00:53"]

1. e4 c5 2. Nf3 e6 3. d4 cxd4 4. c3 d5 5. e5 dxc3 6. bxc3 Nc6 7. Bd3 Qc7 8. Qe2 Nge7 9. Bf4 Ng6 10. Bg3 Be7 11. h4 h5 12. Bxg6 fxg6 13. O-O O-O 14. Re1 Rf5 15. Nd4 Nxd4 16. cxd4 Bd7 17. Nd2 a6 18. Nf3 Bb5 19. Qd1 Rc8 20. Rc1 Bc4 21. Nd2 b5 22. Nxc4 bxc4 23. Qa4 Qc6 24. Qc2 Kh7 25. Re3 Rb8 26. Rf3 Rxf3 27. gxf3 Qb5 28. Qc3 Qb2 29. Qe3 Qxa2 30. Kg2 Rf8 31. Rh1 Qb3 32. Qe2 a5 33. Rh3 a4 34. f4 Qb6 35. Bh2 Rf5 36. Rg3 Bxh4 37. Rh3 Be7 38. Qc2 a3 0-1


[Site "https://www.chess.com"]

[Event "Titled Tuesday Blitz December 20 Late 2022"]
[White "Cabarkapa, Novak"]
[Black "Renjith, Sravan"]
[WhiteFideId "943746"]
[BlackFideId "4306783"]
[WhiteElo "2395"]
[BlackElo "2072"]
[Result "0-1"]
[Round "02"]
[TimeControl "180+1"]
[Date "2022.12.21"]
[WhiteClock "0:00:04"]
[BlackClock "0:00:09"]

1. e4 e5 2. Nf3 Nf6 3. Nc3 Nc6 4. d4 exd4 5. Nxd4 Bb4 6. Nxc6 bxc6 7. Bd3 O-O 8. O-O d5 9. exd5 cxd5 10. h3 c6 11. Qf3 h6 12. Bf4 Be6 13. Rfe1 c5 14. Red1 Rc8 15. a3 Ba5 16. Nb5 Qd7 17. c4 a6 18. Nc3 d4 19. Ne2 Qe7 20. g4 Bc7 21. Ng3 Nd7 22. Bxc7 Rxc7 23. Re1 Qf6 24. Qe4 g6 25. Nh5 Qg5 26. Nf4 Re8 27. Qf3 Ne5 28. Qg3 Rce7 29. Bf1 Bc8 30. Bg2 Nxc4 31. Rxe7 Qxe7 32. Bd5 Nd6 33. Nxg6 Qf6 34. Nf4 Qe5 35. Bg2 c4 36. Qf3 d3 37. Nh5 Re6 38. Qc6 Bb7 39. Qc7 Bxg2 40. Kxg2 Qd5+ 41. Kg1 d2 42. Qd8+ Kh7 43. Rd1 Re1+ 44. Kh2 Qh1+ 45. Kg3 Qg1+ 46. Kf3 Qh1+ 47. Kg3 Rg1+ 48. Kh4 Nf5+ 49. gxf5 Qe4+ 50. f4 Qe1+ 51. Ng3 Qxg3+ 52. Kh5 Qxh3+ 53. Qh4 Qf3+ 54. Qg4 Qxg4# 0-1


[Site "https://www.chess.com"]

[Event "Titled Tuesday Blitz December 20 Late 2022"]
[White "Carbone, Diego"]
[Black "Onslow, Alfie"]
[WhiteFideId "3002179"]
[BlackFideId "436976"]
[WhiteElo "2266"]
[BlackElo "2015"]
[Result "0-1"]
[Round "02"]
[TimeControl "180+1"]
[Date "2022.12.21"]
[WhiteClock "0:01:08"]
[BlackClock "0:00:21"]

1. d4 Nf6 2. c4 c5 3. d5 b5 4. cxb5 a6 5. bxa6 g6 6. Nc3 Bg7 7. e4 O-O 8. e5 Ne8 9. h4 d6 10. e6 fxe6 11. h5 Bxa6 12. Bxa6 Nxa6 13. hxg6 hxg6 14. Qd3 Nb4 15. Qxg6 Rf6 16. Qh7+ Kf8 17. Bg5 exd5 18. Nf3 Re6+ 19. Kf1 d4 20. Ne2 Nf6 21. Qf5 Qd7 22. Nf4 Re1+ 23. Rxe1 Qxf5 24. g3 e5 25. Nh4 Qd7 26. Nfg6+ Kg8 27. a3 Nd3 28. Re2 c4 29. Kg2 Qg4 30. Bd2 Qxe2 0-1


[Site "https://www.chess.com"]

[Event "Titled Tuesday Blitz December 20 Late 2022"]
[White "Carlsen, Magnus"]
[Black "Suder, Jakub"]
[WhiteFideId "1503014"]
[BlackFideId "1195310"]
[WhiteElo "2830"]
[BlackElo "2245"]
[Result "1-0"]
[Round "02"]
[TimeControl "180+1"]
[Date "2022.12.20"]
[WhiteClock "0:02:33"]
[BlackClock "0:00:46"]

1. Nf3 d5 2. g3 Nf6 3. Bg2 e6 4. O-O Be7 5. d3 c5 6. e4 Nc6 7. Qe2 b6 8. e5 Nd7 9. c4 d4 10. h4 Bb7 11. Bf4 h6 12. h5 Qc7 13. Nbd2 O-O-O 14. a3 Kb8 15. Ne4 Ka8 16. b4 cxb4 17. Nd6 Bxd6 18. exd6 Qc8 19. axb4 Nxb4 20. Rfb1 Nc6 21. Qa2 Qb8 22. c5 e5 23. Bxe5 Ncxe5 24. Nxe5 Nxe5 25. Rxb6 Rd7 26. Rxb7 Rxb7 27. Rb1 Nf3+ 28. Bxf3 1-0


[Site "https://www.chess.com"]

[Event "Titled Tuesday Blitz December 20 Late 2022"]
[White "ChessBrah"]
[Black "Brodowski, Piotr"]
[BlackFideId "1124480"]
[WhiteElo "2882"]
[BlackElo "2351"]
[Result "1-0"]
[Round "02"]
[TimeControl "180+1"]
[Date "2022.12.21"]
[WhiteClock "0:01:05"]
[BlackClock "0:01:21"]

1. d4 d6 2. e4 g6 3. Nc3 Bg7 4. Be3 a6 5. Qd2 b5 6. f3 Bb7 7. h4 h6 8. Nh3 Nd7 9. O-O-O c5 10. dxc5 Nxc5 11. Bd4 Ne6 12. Bxg7 Nxg7 13. Kb1 Nf6 14. Nf2 h5 15. Nh3 Ne6 16. Ng5 Nxg5 17. hxg5 Nd7 18. g4 h4 19. Qd4 e5 20. Qxd6 Rc8 21. Nxb5 axb5 22. Bxb5 Rc7 23. Qxe5+ 1-0


[Site "https://www.chess.com"]

[Event "Titled Tuesday Blitz December 20 Late 2022"]
[White "Colpe, Malte"]
[Black "Shoker, Samy"]
[WhiteFideId "24623075"]
[BlackFideId "627143"]
[WhiteElo "2328"]
[BlackElo "2493"]
[Result "0-1"]
[Round "02"]
[TimeControl "180+1"]
[Date "2022.12.21"]
[WhiteClock "0:00:12"]
[BlackClock "0:00:32"]

1. e4 d6 2. d4 Nf6 3. Nc3 g6 4. Nf3 Bg7 5. h3 a6 6. a4 b6 7. Bd3 Bb7 8. O-O O-O 9. Re1 e6 10. Bg5 h6 11. Be3 Nc6 12. Qd2 Kh7 13. e5 dxe5 14. dxe5 Nd7 15. Bf4 Nc5 16. Rad1 Nxd3 17. cxd3 Nd4 18. Nxd4 Qxd4 19. Bg3 Rad8 20. Re3 h5 21. Ree1 Bh6 22. Qe2 h4 23. Bh2 Rd7 24. Ne4 Bxe4 25. Qxe4 Rfd8 26. b3 Bg5 27. Qf3 Qc3 28. Qg4 Be7 29. Re3 Qxb3 30. Bf4 Rd4 31. Qf3 Rxf4 32. Qxf4 Qxd1+ 33. Kh2 Kg8 34. Rf3 Rf8 0-1


[Site "https://www.chess.com"]

[Event "Titled Tuesday Blitz December 20 Late 2022"]
[White "Crevatin, Leo"]
[Black "Sanchez, Robert"]
[WhiteFideId "1726307"]
[BlackFideId "2034360"]
[WhiteElo "2190"]
[BlackElo "2371"]
[Result "0-1"]
[Round "02"]
[TimeControl "180+1"]
[Date "2022.12.21"]
[WhiteClock "0:00:18"]
[BlackClock "0:00:26"]

1. e4 c6 2. Nf3 d5 3. Nc3 Nf6 4. e5 Ng8 5. d4 e6 6. Be3 Nd7 7. Ne2 Ne7 8. c3 Nf5 9. Bg5 f6 10. exf6 gxf6 11. Bf4 Qb6 12. Qc2 c5 13. Ng3 Nxg3 14. hxg3 cxd4 15. Nxd4 e5 16. Qe2 Kd8 17. Be3 exd4 18. Bxd4 Bc5 19. O-O-O Re8 20. Qh5 Bxd4 21. Rxd4 Re5 22. Qxh7 Qe6 23. Bd3 Re1+ 24. Kc2 Kc7 25. Bf5 Rxh1 26. Qxh1 Qxf5+ 27. Kc1 Nb6 28. Rf4 Qe5 29. Qh7+ Bd7 30. Rf3 Qe1+ 31. Kc2 Re8 32. Re3 Qxf2+ 0-1


[Site "https://www.chess.com"]

[Event "Titled Tuesday Blitz December 20 Late 2022"]
[White "D`Arruda, Ricardo D."]
[Black "Martins Jr Sobrinho, Manuel De"]
[WhiteFideId "100692"]
[BlackFideId "2170310"]
[WhiteElo "2425"]
[BlackElo "1924"]
[Result "1-0"]
[Round "02"]
[TimeControl "180+1"]
[Date "2022.12.21"]
[WhiteClock "0:01:03"]
[BlackClock "0:00:49"]

1. d4 Nf6 2. Nf3 c5 3. g3 cxd4 4. Bg2 e5 5. O-O Nc6 6. c3 dxc3 7. Nxc3 d5 8. Bg5 d4 9. Ne4 Be7 10. Nxf6+ Bxf6 11. Bxf6 Qxf6 12. b4 O-O 13. b5 Ne7 14. Rc1 Bd7 15. Qb3 Rfc8 16. Nd2 Qb6 17. a4 Be6 18. Qa3 Nf5 19. Ne4 h5 20. Nc5 Nd6 21. Nxe6 fxe6 22. Qf3 g6 23. Qf6 Kh7 24. Qxe6 Re8 25. Qd7+ Kh8 26. Rc7 Qxc7 27. Qxc7 Re6 28. Bd5 Rf6 29. Qe7 Raf8 30. Qxe5 Kh7 31. f4 1-0


[Site "https://www.chess.com"]

[Event "Titled Tuesday Blitz December 20 Late 2022"]
[White "Denishev, Marat"]
[Black "Bortnyk, Mykola"]
[WhiteFideId "24131563"]
[BlackFideId "14120836"]
[WhiteElo "2194"]
[BlackElo "2582"]
[Result "0-1"]
[Round "02"]
[TimeControl "180+1"]
[Date "2022.12.20"]
[WhiteClock "0:00:04"]
[BlackClock "0:00:10"]

1. d4 Nf6 2. Nf3 e6 3. Bf4 Nh5 4. Bg3 d6 5. Nbd2 Nc6 6. e4 Be7 7. c3 e5 8. Bb5 Nxg3 9. hxg3 exd4 10. cxd4 Bd7 11. O-O O-O 12. Re1 Bf6 13. Nb3 Re8 14. Rc1 a6 15. Bd3 Bg4 16. Bc4 Qd7 17. Bd5 Rab8 18. Qd3 Nb4 19. Qc4 Nxa2 20. Ra1 c6 21. Rxa2 cxd5 22. exd5 Rxe1+ 23. Nxe1 Re8 24. Ra1 Be2 25. Qc3 h5 26. Nd2 Qg4 27. Ndf3 h4 28. gxh4 Bb5 29. Rc1 Kh7 30. Qb4 Re2 31. Qxd6 Bxh4 32. Nxh4 Qxh4 33. g3 Qxd4 34. Qf4 Qxf4 35. gxf4 Rxb2 36. Nf3 f6 37. Nd4 Rd2 38. Nxb5 axb5 39. Rc5 b4 40. Rb5 Rd4 41. f5 Kh6 42. Kg2 b3 43. Kg3 b2 44. f4 Rxd5 45. Rxb2 Rxf5 46. Rxb7 Ra5 47. Kg4 Ra1 48. Rb8 Rg1+ 49. Kf3 Kg6 50. Rb5 Rf1+ 51. Kg3 Rh1 52. Kg4 f5+ 53. Kf3 Rh3+ 54. Kg2 Ra3 55. Rc5 Kf6 56. Rb5 g6 57. Rc5 Kg7 58. Rb5 Kh7 59. Rb6 Kh6 60. Rc6 Kh5 61. Rd6 Rb3 62. Rc6 Kg4 63. Rxg6+ Kxf4 64. Kf2 Rb2+ 65. Ke1 Kf3 66. Rf6 f4 67. Rc6 Rb1+ 68. Kd2 Kf2 69. Rf6 f3 70. Kc2 Re1 71. Kd2 Re8 72. Kd3 Rd8+ 73. Ke4 Ke2 74. Kf4 f2 75. Kg3 Rg8+ 76. Kh2 Rh8+ 77. Kg2 f1=Q+ 78. Rxf1 Rg8+ 0-1


[Site "https://www.chess.com"]

[Event "Titled Tuesday Blitz December 20 Late 2022"]
[White "Dimitrov, Atanas"]
[Black "Caruana, Fabiano"]
[WhiteFideId "2901315"]
[BlackFideId "2020009"]
[WhiteElo "2623"]
[BlackElo "2847"]
[Result "0-1"]
[Round "02"]
[TimeControl "180+1"]
[Date "2022.12.20"]
[WhiteClock "0:00:08"]
[BlackClock "0:01:12"]

1. e4 c6 2. d4 d5 3. Nd2 dxe4 4. Nxe4 Nf6 5. Nxf6+ exf6 6. Nf3 Bd6 7. Bd3 O-O 8. O-O Bg4 9. Re1 Nd7 10. c4 Qc7 11. h3 Bh5 12. Bd2 Rfe8 13. Re3 Rxe3 14. Bxe3 Re8 15. Be2 Bf4 16. Qd2 Bxe3 17. fxe3 c5 18. b3 b6 19. Re1 Nf8 20. Bd1 Bg6 21. d5 Be4 22. Qf2 Bxf3 23. Bxf3 Ng6 24. Rd1 Qd6 25. a4 Ne5 26. Be2 g6 27. Bf1 f5 28. a5 Nd7 29. Ra1 Nf6 30. axb6 axb6 31. Bd3 Qe5 32. Ra6 Qc3 33. Qc2 Qe1+ 34. Bf1 Ne4 35. Qe2 Qc1 36. Rxb6 Ng3 37. Qf2 Rxe3 38. Qf4 Ne2+ 0-1


[Site "https://www.chess.com"]

[Event "Titled Tuesday Blitz December 20 Late 2022"]
[White "Donchenko, Alexander"]
[Black "Tologon tegin, Semetei"]
[WhiteFideId "24603295"]
[BlackFideId "13800574"]
[WhiteElo "2581"]
[BlackElo "2264"]
[Result "1-0"]
[Round "02"]
[TimeControl "180+1"]
[Date "2022.12.20"]
[WhiteClock "0:00:29"]
[BlackClock "0:00:01"]

1. Nf3 Nf6 2. g3 b6 3. Bg2 Bb7 4. O-O g6 5. d4 Bg7 6. c4 O-O 7. d5 c6 8. Nc3 cxd5 9. cxd5 e6 10. e4 exd5 11. exd5 Na6 12. Bf4 Re8 13. Nd4 Nh5 14. Be3 f5 15. Nxf5 gxf5 16. Qxh5 Qf6 17. Bh3 Rf8 18. Rad1 Nc5 19. Bd4 Qg6 20. Qh4 Rae8 21. b4 Ne4 22. Bxg7 Qxg7 23. Nxe4 Rxe4 24. Qh5 Re5 25. Rfe1 Rxe1+ 26. Rxe1 f4 27. Re5 Kh8 28. Bf1 fxg3 29. hxg3 d6 30. Re8 Qg8 31. Rxf8 Qxf8 32. Bd3 Qe7 33. a3 Bc8 34. Qh6 Bd7 35. Kg2 Bg4 36. Qf4 Bd7 37. Qd4+ Kg8 38. Qc3 Qd8 39. Qc2 Qg5 40. Bxh7+ Kg7 41. Be4 Qh5 42. Qc7 Qh3+ 43. Kg1 Qg4 44. Qxd6 Kg8 45. Qe7 1-0


[Site "https://www.chess.com"]

[Event "Titled Tuesday Blitz December 20 Late 2022"]
[White "Dudzinski, Pawel"]
[Black "Antonio, Jorge Carlos"]
[WhiteFideId "1117890"]
[BlackFideId "113190"]
[WhiteElo "2099"]
[BlackElo "2247"]
[Result "1-0"]
[Round "02"]
[TimeControl "180+1"]
[Date "2022.12.21"]
[WhiteClock "0:00:07"]
[BlackClock "0:00:37"]

1. e4 c5 2. Nc3 e6 3. Nge2 Nc6 4. g3 Nf6 5. Bg2 a6 6. d4 cxd4 7. Nxd4 Qc7 8. Nb3 d6 9. O-O Be7 10. Bf4 O-O 11. Qd2 b5 12. a3 Ne5 13. Qe2 Bb7 14. Rad1 Nc4 15. Bc1 Nxa3 16. bxa3 Qxc3 17. Rd3 Qc7 18. Rfd1 Rac8 19. Bd2 h6 20. Rc3 Qb6 21. Be3 Qd8 22. e5 Nd5 23. Bxd5 Bxd5 24. Rxc8 Qxc8 25. exd6 Bxd6 26. Qg4 f5 27. Qg6 Qe8 28. Qxe8 Rxe8 29. Nc5 Rc8 30. Nxa6 Rxc2 31. Nb4 Rb2 32. Nxd5 exd5 33. Rxd5 Bxa3 34. Rxf5 Rb1+ 35. Kg2 b4 36. Ra5 Ra1 37. Bd4 Ra2 38. Ra8+ Kf7 39. Ra7+ Ke6 40. Bxg7 b3 41. Rb7 Kd6 42. Bxh6 Kc6 43. Rb8 Kc5 44. Bg7 Kc4 45. h4 Bb4 46. h5 b2 47. Bxb2 Rxb2 48. h6 Ra2 49. h7 Bc3 50. h8=Q Bxh8 51. Rxh8 Kd4 52. Re8 Kd5 53. Re3 Kd6 54. g4 Kd5 55. Kg3 Kd4 56. g5 Ra6 57. Kg4 Ra1 58. Rg3 Ra6 59. f4 Ke4 60. Rg1 Ra7 61. Re1+ Kd5 62. g6 Rg7 63. Kg5 Ra7 64. f5 Ra2 65. g7 Rg2+ 66. Kf6 Kd4 67. Kf7 Kd3 68. g8=Q Kd2 69. Qxg2+ 1-0


[Site "https://www.chess.com"]

[Event "Titled Tuesday Blitz December 20 Late 2022"]
[White "Dylag, Emilia"]
[Black "Kuzmicz, Krystian"]
[WhiteFideId "21805172"]
[BlackFideId "1119125"]
[WhiteElo "1878"]
[BlackElo "2379"]
[Result "0-1"]
[Round "02"]
[TimeControl "180+1"]
[Date "2022.12.21"]
[WhiteClock "0:01:29"]
[BlackClock "0:01:26"]

1. d4 g6 2. c4 Bg7 3. g3 c5 4. d5 d6 5. Bg2 b5 6. cxb5 a6 7. bxa6 Bxa6 8. Nf3 Nf6 9. O-O O-O 10. Nc3 Nbd7 11. a4 Qa5 12. Bd2 Rfb8 13. Qc2 Qc7 14. Rfd1 Nb6 15. Bg5 Rb7 16. Ra2 Rab8 17. b3 Nbd7 18. Ra3 c4 19. bxc4 Qxc4 20. e4 Rb2 21. Qc1 Qb4 22. Nd4 Qxa3 23. Ndb5 Bxb5 24. Nxb5 Qxa4 25. Qxb2 Qxd1+ 0-1


[Site "https://www.chess.com"]

[Event "Titled Tuesday Blitz December 20 Late 2022"]
[White "Dzierzak, Radoslaw"]
[Black "Curtis, John"]
[WhiteFideId "1161407"]
[BlackFideId "3200256"]
[WhiteElo "2111"]
[BlackElo "2203"]
[Result "0-1"]
[Round "02"]
[TimeControl "180+1"]
[Date "2022.12.21"]
[WhiteClock "0:00:04"]
[BlackClock "0:00:35"]

1. e4 e5 2. Nf3 Nc6 3. Bc4 Nf6 4. d3 Be7 5. O-O O-O 6. a4 d6 7. Re1 Be6 8. Nbd2 Bxc4 9. Nxc4 Nd7 10. a5 a6 11. c3 Rb8 12. b4 Kh8 13. d4 exd4 14. Nxd4 Nxd4 15. cxd4 d5 16. exd5 Bxb4 17. Re3 Nf6 18. Rh3 Qxd5 19. Ne3 Qe4 20. f3 Qe6 21. Rb1 Bxa5 22. Qd3 Bb6 23. Bb2 Rfe8 24. Re1 h6 25. g4 Rbd8 26. Kg2 Nd5 27. Nxd5 Qxe1 28. Nf4 Qe3 29. Qf5 Qd2+ 30. Kg3 Bxd4 31. Bxd4 Rxd4 32. Rxh6+ gxh6 33. Qf6+ Kg8 34. Nh5 Qe1+ 35. Kh3 Qe5 36. Qxh6 Re6 37. Qc1 Rd3 0-1


[Site "https://www.chess.com"]

[Event "Titled Tuesday Blitz December 20 Late 2022"]
[White "Ehlvest, Jaan"]
[Black "Shimanov, Aleksandr"]
[WhiteFideId "4500016"]
[BlackFideId "4198603"]
[WhiteElo "2430"]
[BlackElo "2605"]
[Result "0-1"]
[Round "02"]
[TimeControl "180+1"]
[Date "2022.12.20"]
[WhiteClock "0:02:13"]
[BlackClock "0:02:30"]

1. e4 c6 2. b3 d5 3. Bb2 dxe4 4. Nc3 Nf6 5. Qe2 Bf5 6. O-O-O e6 7. h3 Qa5 8. g4 Bg6 9. Bg2 Ba3 10. Nxe4 Bxb2+ 11. Kxb2 Bxe4 0-1


[Site "https://www.chess.com"]

[Event "Titled Tuesday Blitz December 20 Late 2022"]
[White "Eljanov, Pavel"]
[Black "Krishnan, Varun"]
[WhiteFideId "14102951"]
[BlackFideId "5054508"]
[WhiteElo "2598"]
[BlackElo "2591"]
[Result "0-1"]
[Round "02"]
[TimeControl "180+1"]
[Date "2022.12.20"]
[WhiteClock "0:00:57"]
[BlackClock "0:01:16"]

1. e4 c5 2. Nf3 d6 3. d4 cxd4 4. Nxd4 Nf6 5. Nc3 Nc6 6. Bg5 e6 7. Qd2 a6 8. O-O-O Bd7 9. f3 Nxd4 10. Qxd4 b5 11. Kb1 Be7 12. h4 Qc7 13. Qd2 b4 14. Ne2 a5 15. Nd4 Rb8 16. g4 a4 17. h5 e5 18. Nf5 Bxf5 19. gxf5 b3 20. cxb3 axb3 21. a3 Nxe4 22. fxe4 Bxg5 23. Bb5+ Rxb5 24. Qxg5 Qc2+ 25. Ka1 Ra5 26. Qd2 Rxa3+ 0-1


[Site "https://www.chess.com"]

[Event "Titled Tuesday Blitz December 20 Late 2022"]
[White "Fernandez De La Vara, Arnaldo"]
[Black "Nakamura, Hikaru"]
[WhiteFideId "3518388"]
[BlackFideId "2016192"]
[WhiteElo "2387"]
[BlackElo "2909"]
[Result "0-1"]
[Round "02"]
[TimeControl "180+1"]
[Date "2022.12.20"]
[WhiteClock "0:00:02"]
[BlackClock "0:01:28"]

1. Nf3 d5 2. g3 g6 3. Bg2 Bg7 4. O-O e5 5. c4 dxc4 6. Qa4+ Nc6 7. Qxc4 Nge7 8. Nc3 Be6 9. Qa4 h6 10. d3 O-O 11. Be3 Nd4 12. Rfc1 c6 13. b4 a6 14. Rab1 Nd5 15. Bxd4 exd4 16. Nxd5 Bxd5 17. Nd2 Bxg2 18. Kxg2 Re8 19. Qd1 Qd5+ 20. Kg1 Re6 21. Nb3 Rae8 22. Rc2 h5 23. Qf1 h4 24. a4 h3 25. Rbb2 Bf8 26. Nc5 Bxc5 27. bxc5 Qh5 28. f3 R8e7 29. Qf2 Re3 30. Rb4 Qe5 31. Kf1 a5 32. Rbb2 f5 33. Ke1 Rxd3 34. Rc4 Re3 35. Rd2 d3 0-1


[Site "https://www.chess.com"]